AoeStats
← jaroslav.jankovsky10

Hideout

508016594Analyzed
1v1 RM · 13d ago on Sep 20, 2026· 48m 16s· 2 players
Game mode
Random Map
Map size
Tiny (2 player)
Population
200
Speed
Normal
Resources
Standard
Victory
Conquest
Starting age
Dark Age
Ending age
Imperial Age
RankedLock teamsTeams togetherTeam positionsShared explorationLock speedFull tech treeHidden civsTurbo modeCheats
Victory
Defeat
🇪🇸 Sicilians · Spain
952
+16
🇨🇿 Italians · Czechia
948
-46
jaroslav.jankovsky10
10:00 Feudal Age
10:25 Man-at-Arms
13:21 Town Watch
14:07 Fletching
16:26 Padded Archer Armor
17:42 Scale Mail Armor
19:23 Horse Collar
19:30 Double-Bit Axe
20:34 Forging
21:52 Loom
25:16 Castle Age
26:26 Bodkin Arrow
27:21 Wheelbarrow
31:06 Imperial Age
29:07 Gold Mining
31:18 Bow Saw
31:58 Hand Cart
32:21 Heavy Plow
36:04 Bloodlines
35:55 Husbandry
35:16 Light Cavalry
36:17 Bracer
41:38 Hussar
43:55 Iron Casting
43:26 Scale Barding Armor
47:43 Blast Furnace
per1993
9:48 Feudal Age
10:28 Double-Bit Axe
10:28 Horse Collar
21:42 Castle Age
19:58 Gold Mining
20:02 Stone Mining
20:54 Forging
20:47 Loom
20:50 Town Watch
22:18 Fletching
24:13 Padded Archer Armor
24:51 Wheelbarrow
26:45 Heavy Plow
27:12 Bow Saw
28:17 Hand Cart
27:53 Crossbowman
28:52 Bodkin Arrow
32:07 Masonry
32:32 Elite Skirmisher
36:53 Imperial Age
36:06 Bloodlines
35:58 Husbandry
36:07 Husbandry
36:19 Bloodlines
37:38 Cavalier
38:46 Siege Engineers
39:28 Hoardings
38:21 Pikeman
40:26 Bracer
40:27 Scale Mail Armor
41:51 Squires
41:43 Capped Ram
44:37 Halberdier
44:40 Man-at-Arms
45:08 Gambesons
46:08 Chain Mail Armor
47:08 Conscription
48:08 Elite Serjeant
Connection lost

Rejoining the realm…

Still unreachable

The connection could not be restored.

Session expired

The server has moved on; the page needs a fresh start.